 Dungeon Crawl Stone Soup version 0.26-a0-651-gb41185065b (webtiles) character file.

Game seed: 8016854509266778866

179 gbos the Sneak (level 5, -4/33 HPs)
             Began as an Octopode Hedge Wizard on Oct 20, 2020.
             Slain by an orc wizard
             ... wielding a +1 dagger of venom
              (5 damage)
             ... on level 3 of the Dungeon.
             The game lasted 00:06:51 (3639 turns).

gbos the Sneak (Octopode Hedge Wizard)              Turns: 3639, Time: 00:06:51

Health: -4/33      AC:  1    Str: 12 (15) XL:     5   Next: 59%
Magic:  11/11      EV: 13    Int: 16 (18) God:
Gold:   128        SH:  0    Dex:  9 (11) Spells: 7/12 levels left

rFire    + . .     SeeInvis .   d - +0 whip (venom)
rCold    + + .     Faith    .   (no shield)
rNeg     . . .     Spirit   .   b - +0 hat
rPois    +         Reflect  .   (no amulet)
rElec    +         Harm     .   u - ring of protection from cold
rCorr    +         Rampage  .   j - +6 ring of strength
MR       .....                  (no ring)
Stlth    ++........             (no ring)
HPRegen  0.11/turn              (no ring)
MPRegen  0.12/turn              (no ring)
                                (no ring)
                                (no ring)

@: confused, lethally poisoned (-4 -> -30), resistant
A: almost no armour, stealthy swim, amphibious, 8 rings, constrict 8, camouflage
1, gelatinous body 1
a: no special abilities


You were on level 3 of the Dungeon.
You visited 1 branch of the dungeon, and saw 3 of its levels.

You collected 128 gold pieces.


Innate Abilities, Weirdness & Mutations

You cannot wear most types of armour.
You are very stealthy in the water. (Stealth+)
You are amphibious.
You can wear up to eight rings at the same time.
You can use your tentacles to constrict eight enemies at once.
Your skin changes colour to match your surroundings (Stealth+).
Your rubbery body absorbs attacks. (AC +1, EV +1)


   Skills:
 + Level 1.4 Fighting
 - Level 2.8 Dodging
 + Level 4.9 Stealth
 + Level 4.0 Spellcasting
 - Level 1.0 Conjurations
 - Level 2.0 Summonings
 - Level 1.0 Translocations


You had 7 spell levels left.
You knew the following spells:

 Your Spells              Type           Power        Failure   Level
b - Blink                 Tloc           N/A          17%         2
x - Call Imp              Summ           #.......     11%         2
z - Magic Dart            Conj           #...         11%         1

Your spell library contained the following spells:

 Spells                   Type           Power        Failure   Level
 Slow                     Hex            #.......     26%         2
 Conjure Flame            Conj/Fire      #.......     38%         3
 Mephitic Cloud           Conj/Pois/Air  #.......     41%         3

Inventory:

Hand Weapons
 a - a +0 dagger
 d - a +0 whip of venom (weapon)
 n - a +0 whip of electrocution
Missiles
 o - 15 poisoned darts (quivered)
Armour
 b - a +0 hat (worn)
Jewellery
 j - a +6 ring of strength (right tentacle)
 u - a ring of protection from cold (left tentacle)
Wands
 r - a wand of random effects (13)
 s - a wand of digging (4)
Scrolls
 e - 2 scrolls of teleportation {unknown}
 g - a scroll of blinking {unknown}
 h - a scroll of immolation {unknown}
 i - 5 scrolls of identify {unknown}
 l - 4 scrolls of amnesia {unknown}
 p - 2 scrolls of enchant weapon {unknown}
 q - a scroll of magic mapping {unknown}
 t - a scroll of remove curse {unknown}
Potions
 c - 2 potions of stabbing

Dungeon Overview and Level Annotations

Branches:
Dungeon (3/15)

Altars:
Trog
Wu Jian

Annotations:
D:3 exclusion: door

........▒......▒
........▒......▒
........▒......▒▒▒▒▒
▒▒▒'▒▒▒▒▒...........
▒.▒ ▒▒▒▒....▒▒▒
▒▒▒.▒ ▒▒▒▒....▒
....▒ ▒.......▒
▒▒▒▒▒ ▒.▒▒...▒▒▒▒
▒.......x)▒ ▒
▒▒...▒▒▒▒{▒ ▒ ▒...▒
▒.▒ ▒ ▒...▒ ▒.▒ ▒
▒▒▒▒▒▒▒▒...▒▒▒▒.▒▒▒▒
▒
.......'...........▒
▒
.▒▒▒▒▒▒▒...▒▒▒.....▒
▒ ▒...▒ ▒.....▒ ▒
▒...▒▒▒.....▒


There were no monsters in sight!


Message History

You feel protected.
* * * LOW HITPOINT WARNING * * *
You feel sick. Something hits you.
* * * LOW HITPOINT WARNING * * *
Unknown command.
It was a potion of degeneration.
There was something very wrong with that liquid.
You feel weakened.
You feel dopey.
You feel clumsy.
* * * LOW HITPOINT WARNING * * *
You feel sick. Something hits you.
* * * LOW HITPOINT WARNING * * *
Something barely misses you.
It was a potion of ambrosia.
You are confused.
You feel invigorated.
* * * LOW HITPOINT WARNING * * *
You feel sick. Something hits you.
* * * LOW HITPOINT WARNING * * *
* * * LOW HITPOINT WARNING * * *
You feel sick. Something hits you.
* * * LOW HITPOINT WARNING * * *
You are more poisoned.
Something hits you.
You die...

Action                   |  1- 3 |  4- 6 || total
-------------------------+-------+-------++-------
Melee: Whip              |    63 |    72 ||   135
       Constrict         |    21 |    20 ||    41
       Tentacles         |     9 |     6 ||    15
Throw: Dart              |       |    15 ||    15
 Cast: Call Imp          |     2 |     6 ||     8
  Use: Potion            |     2 |     3 ||     5
 Stab: Sleeping          |     6 |     4 ||    10
       Distracted        |       |     1 ||     1
Armor: Skin              |    11 |    13 ||    24
Dodge: Dodged            |    45 |    78 ||   123

Levels and vault maps discovered:
D:1:      minmay_arrival_five_plusses, layout_basic, serial_bayou_pond_c,
          hangedman_decor_push, minmay_hexomino_c4
D:2:      layout_loops_ring, tgw_trog, lemuel_crystal_altar
D:3:      layout_basic, uniq_natasha, uniq_terence

Notes
Turn   | Place    | Note
-------+----------+-------------------------------------------
     0 | D:1      | gbos the Octopode Hedge Wizard began the quest for the Orb.
     0 | D:1      | Reached XP level 1. HP: 11/11 MP: 4/4
   102 | D:1      | Reached skill level 3 in Stealth
   110 | D:1      | Reached XP level 2. HP: 6/17 MP: 6/6
   852 | D:1      | Reached XP level 3. HP: 18/21 MP: 7/7
  1393 | D:1      | Learned a level 2 spell: Call Imp
  1633 | D:2      | Reached skill level 4 in Stealth
  1699 | D:2      | HP: 6/21 [poisoned by an adder]
  1702 | D:2      | Reached XP level 4. HP: 15/27 MP: 6/9
  2146 | D:2      | Found an ornate altar of the Wu Jian Council.
  2312 | D:2      | Noticed a moth of wrath
  2315 | D:2      | Found a bloodstained altar of Trog.
  2470 | D:3      | Noticed Terence
  2471 | D:3      | Noticed Natasha
  2634 | D:3      | Killed Terence
  2690 | D:3      | Killed Natasha
  2690 | D:3      | Reached XP level 5. HP: 28/32 MP: 10/10
  2694 | D:3      | Reached skill level 1 in Fighting
  2833 | D:3      | Reached skill level 2 in Summonings
  3274 | D:3      | Learned a level 2 spell: Blink
  3629 | D:3      | Reached skill level 4 in Spellcasting
  3636 | D:3      | Identified a potion of resistance
  3637 | D:3      | HP: 6/33 [something (4)]
  3639 | D:3      | HP: 1/33 [something (3)]
  3639 | D:3      | Slain by an orc wizard

Vanquished Creatures
  An orc wizard (D:3)
  Terence (D:3)
  Natasha (D:3)
  2 adders (D:2)
  An ooze (D:1)
  A dart slug (D:2)
  3 leopard geckos
  7 orcs (D:3)
  2 ball pythons
  10 bats
  7 giant cockroaches
  7 goblins
  9 hobgoblins
  4 kobolds
  6 frilled lizards
  4 rats
66 creatures vanquished.

Vanquished Creatures (collateral kills)
  An orc (D:2)
  4 rats (D:2)
5 creatures vanquished.

Grand Total: 71 creatures vanquished
